 Dungeon Crawl Stone Soup version 0.30-a0-1112-gfb780f5df6 (webtiles) character file.

Game seed: 18298182575570877674

5 CowFu the Caller (level 1, -1/14 HPs)
             Began as a Demigod Summoner on Apr 19, 2023.
             Slain by a jackal (3 damage)
             ... on level 1 of the Dungeon.
             The game lasted 00:00:25 (170 turns).

CowFu the Caller (Demigod Summoner)                  Turns: 170, Time: 00:00:26

Health: -1/14      AC:  2    Str:  9    XL:     1   Next: 53%
Magic:  1/5        EV: 12    Int: 17    God:
Gold:   9          SH:  0    Dex: 14    Spells: 2/3 levels left

rFire   . . .      SeeInvis .    d - +0 club
rCold   . . .      Faith    .    (no shield)
rNeg    . . .      Spirit   .    a - +0 robe
rPois   .          Reflect  .    (no helmet)
rElec   .          Rampage  .    (no cloak)
rCorr   .                        (no gloves)
Will    .....                    (no boots)
Stlth   ++                       (no amulet)
HPRegen 0.22/turn                (no ring)
MPRegen 0.09/turn                (no ring)

@: no status effects
A: high MP 1, forlorn, divine attributes
a: no special abilities


You were on level 1 of the Dungeon.
You visited 1 branch of the dungeon, and saw 1 of its levels.

You collected 9 gold pieces.

Inventory:

Hand Weapons
 d - a +0 club (weapon)
Armour
 a - a +0 robe (worn)
Scrolls
 c - a scroll of teleportation {unknown}
Potions
 b - a potion of magic


   Skills:
 - Level 1.7 Dodging
 - Level 1.7 Stealth
 - Level 1.7 Spellcasting
 + Level 3.9 Summonings


You had 2 spell levels left.
You knew the following spells:

 Your Spells              Type           Power      Damage    Failure   Level
a - Summon Small Mammal   Summ           56%        N/A       4%          1

Your spell library contained the following spells:

 Spells                   Type           Power      Damage    Failure   Level
 Call Imp                 Summ           28%        N/A       6%          2
 Call Canine Familiar     Summ           14%        N/A       12%         3
 Summon Guardian Golem    Hex/Summ       8%         N/A       26%         3
 Summon Lightning Spire   Summ/Air       8%         N/A       65%         4


Dungeon Overview and Level Annotations

Branches:
Dungeon (1/15)

Annotations:
D:1 1 transporter


Innate Abilities, Weirdness & Mutations

You have an increased reservoir of magic. (+10% MP)
You shall have no god before yourself.
Your divine heritage dramatically boosts your attributes as you level up.


Message History

The jackal bites you but does no damage.
The bat barely misses you.
Your rat bites the bat but does no damage.
Casting: Summon Small Mammal (safe; 4% risk of failure)
Confirm with . or Enter, or press ? or * to list all spells.
The bat hits you but does no damage. x2; The jackal bites your rat.
Your rat dies!
Your rat's corpse disappears in a puff of smoke!
The jackal misses you. The jackal bites you.
* * * LOW HITPOINT WARNING * * *
Your bat hits the jackal but does no damage.
The jackal closely misses you. The jackal misses your bat.
Your bat hits the jackal but does no damage.
Your bat hits the jackal but does no damage.
The jackal bites you.
* * * LOW HITPOINT WARNING * * *
Your bat hits the jackal but does no damage.
The goblin closely misses your bat.
Your bat closely misses the goblin.
You hit the jackal but do no damage.
Your bat barely misses the jackal.
Your bat closely misses the jackal.
The jackal closely misses your bat. The jackal bites you.
* * * LOW HITPOINT WARNING * * *
The goblin hits your bat with a +0 club.
Your bat hits the jackal but does no damage.
The jackal bites your bat but does no damage.
The jackal barely misses you.
You hit the jackal but do no damage.
Your bat barely misses the jackal.
Your bat misses the goblin.
Your bat barely misses the goblin.
The goblin hits your bat with a +0 club.
Your bat dies!
Your bat's corpse disappears in a puff of smoke!
Okay, then.
Casting: Summon Small Mammal (safe; 4% risk of failure)
Confirm with . or Enter, or press ? or * to list all spells.
You don't know that spell.
Casting: Summon Small Mammal (safe; 4% risk of failure)
Confirm with . or Enter, or press ? or * to list all spells.
The jackal bites you but does no damage.
The jackal bites you.
You die...

# #.. ##.#.
#.#........ #
#r#.#....#. #.
#..........
#.#####.#..#
#......bJ#
#....##hh# ..
####.##hg#
#..######.##h@#
..........##.r#
####.†)#######.#
.....##.........#
.....##...#######
.. #............#
.#.###.#.####.#
......†#[##.# #
#.#..........#.#


You could see an endoplasm, 4 jackals, a goblin, a bat and a friendly rat
(summoned).

Vanquished Creatures
  A hobgoblin (D:1)
  A ball python (D:1)
  A rat (D:1)
3 creatures vanquished.

Vanquished Creatures (collateral kills)
  A goblin (D:1)
  A frilled lizard (D:1)
  A rat (D:1)
3 creatures vanquished.

Grand Total: 6 creatures vanquished

Notes
Turn   | Place    | Note
-------+----------+-------------------------------------------
     0 | D:1      | CowFu the Demigod Summoner began the quest for the Orb.
     0 | D:1      | Reached XP level 1. HP: 14/14 MP: 5/5
   170 | D:1      | Slain by a jackal

Illustrated notes

Levels and vault maps discovered:
D:1:      spicycebolla_arrival_risky_transporter, layout_basic

Action                     || total
---------------------------++-------
  Melee: Club              ||    19
         Unarmed           ||     5
   Cast: Summon Small Mamm ||    11
 Armour: Robe              ||    11
  Dodge: Dodged            ||    35

Table legend: (Time is in decaauts)
 A = Elapsed time spent in this place.
 B = Non-inter-level travel time spent in this place.
 C = Inter-level travel time spent in this place.
 D = Time resting spent in this place.
 E = Time spent auto-exploring this place.
 F = Levels seen in this place.
 G = Mean time per level.
                   A        B        C        D        E       F      G
               +--------+--------+--------+--------+--------+-----+--------+
         Total |    175 |    175 |      0 |      0 |    105 |   1 |  175.0 |
       Dungeon |    175 |    175 |      0 |      0 |    105 |   1 |  175.0 |
               +--------+--------+--------+--------+--------+-----+--------+

Top non-repeatable levels by time:
     D:1: 175 daAuts
